 Dungeon Crawl Stone Soup version 0.29.0-4-gdea44cf6ec (webtiles) character file.

Game seed: 15288404458245130768

154 qw the Sneak (level 5, 0/32 HPs)
             Began as a Gargoyle Delver on Sept 10, 2022.
             Was an Initiate of Okawaru.
             Slain by an orc warrior
             ... wielding a +0 mace
              (9 damage)
             ... on level 6 of the Dungeon.
             The game lasted 00:00:22 (1244 turns).

qw the Sneak (Gargoyle Delver)                      Turns: 1244, Time: 00:00:22

Health: 0/32       AC:  8    Str: 17    XL:     5   Next: 36%
Magic:  5/5        EV: 11    Int: 11    God:    Okawaru [......]
Gold:   19         SH:  0    Dex: 11    Spells: 4/4 levels left

rFire   . . .      SeeInvis .   Y - +0 hand axe
rCold   . . .      Faith    .   (no shield)
rNeg    + . .      Spirit   .   b - +0 leather armour
rPois   inf        Reflect  .   (no helmet)
rElec   +          Harm     .   (no cloak)
rCorr   .          Rampage  .   (no gloves)
Will    .....                   i - +0 pair of boots
Stlth   +++.......              (no amulet)
HPRegen 0.10/turn               (no ring)
MPRegen 0.09/turn               (no ring)

@: no status effects
A: sickness immunity, AC +4, negative energy resistance 1, electricity
resistance, torment resistance 1, petrification resistance
a: Renounce Religion


You were on level 6 of the Dungeon.
You worshipped Okawaru.
Okawaru was noncommittal.
You visited 2 branches of the dungeon, and saw 5 of its levels.

You collected 19 gold pieces.


Innate Abilities, Weirdness & Mutations

You are immune to sickness and miasma.
Your stone body is resilient. (AC +4)
You are immune to poison.
You resist negative energy. (rN+)
You are resistant to electric shocks. (rElec)
You are resistant to unholy torment.
You are immune to petrification.


   Skills:
 - Level 3.2 Fighting
 + Level 4.9 Axes
 - Level 1.5 Dodging
 - Level 5.4 Stealth


You had 4 spell levels left.
You didn't know any spells.
Your spell library was empty.

Inventory:

Hand Weapons
 c - a +0 flail
 Y - a +0 hand axe (weapon)
Armour
 b - a +0 leather armour (worn)
 i - a +0 pair of boots (worn)
Wands
 g - a wand of digging (3)
Potions
 f - a potion of haste

Dungeon Overview and Level Annotations

Branches:
Dungeon (6/15)             Temple (1/1) D:5

Altars:
Dithmenos
Hepliaklqana
Kikubaaqudgha
Makhleb
Okawaru
Ru
Sif Muna
Trog
Uskayaw
Vehumet
Wu Jian
Xom
Yredelemnul
Zin


Message History

The phantom is heavily damaged.
You hit the orc.
The phantom hits you but does no damage.
The orc closely misses you.
The orc warrior shouts!
You hit the phantom but do no damage. Your punch misses the phantom.
The phantom is heavily damaged.
You hit the orc but do no damage. The phantom barely misses you.
The orc barely misses you.
You hit the phantom.
The phantom is severely damaged.
You closely miss the orc. The phantom misses you. The orc misses you.
You hit the phantom.
The phantom is severely damaged.
You hit the orc. The orc misses you.
The phantom hits you but does no damage.
You slash the orc!
You kill the orc!
Okawaru accepts your kill.
You hit the phantom. The phantom closely misses you.
You closely miss the phantom.
The phantom is severely damaged.
The phantom hits you but does no damage.
You hit the phantom.
The phantom is almost destroyed.
The phantom hits you but does no damage.
You hit the phantom but do no damage.
The phantom is almost destroyed.
You hit the orc warrior. The phantom completely misses you.
The orc warrior hits you with a +0 mace!
You hit the phantom.
The phantom is almost destroyed.
You hit the orc warrior but do no damage.
The phantom barely misses you.
The orc warrior hits you with a +0 mace!
You die...

## #### #.## #
###..# #...##
...#....# .....#
........#######....#
... #.@...#$...#
....#oW#..#...##
#......$....###
..#.............#
.........).........#
...............##...
............<.... ..
.....###......#... #
..... #..##.......#


You could see an orc warrior and a phantom.

Vanquished Creatures
  A hound (D:5)
  3 orc priests
  2 adders
  6 orcs
  A giant cockroach (D:3)
  A hobgoblin (D:3)
  A kobold (D:3)
  A bat (D:3)
16 creatures vanquished.

Notes
Turn   | Place    | Note
-------+----------+-------------------------------------------
     0 | D:5      | qw the Gargoyle Delver began the quest for the Orb.
     0 | D:5      | Reached XP level 1. HP: 14/14 MP: 1/1
     0 | D:5      | 0 ||| qw: Version: 0.1-a-116-g5d60599
     0 | D:5      | 0 ||| qw: Game counter: 8223
     0 | D:5      | 0 ||| qw: Always use a shield: true
     0 | D:5      | 0 ||| qw: God list: Okawaru
     0 | D:5      | 0 ||| qw: Allow faded altars: false
     0 | D:5      | 0 ||| qw: Do Orc after D:15 true
     0 | D:5      | 0 ||| qw: Do second Lair branch before Depths: true
     0 | D:5      | 0 ||| qw: Lair rune preference: random
     0 | D:5      | 0 ||| qw: Plans: Normal
     0 | D:5      | 0 ||| PLANNING D:1-11
    22 | D:5      | Reached XP level 2. HP: 18/19 MP: 2/2
    52 | D:5      | Reached skill level 3 in Axes
    52 | D:5      | Reached XP level 3. HP: 8/23 MP: 3/3
    54 | D:5      | 54 ||| Stepping ~*~*~tactically~*~*~ (stealth).
   264 | D:5      | Found a staircase to the Ecumenical Temple.
   270 | D:5      | 270 ||| PLANNING TEMPLE
   270 | D:5      | 270 ||| UPGRADING to +0 pair of boots.
   275 | D:5      | 275 ||| READING scroll labelled LOX ITOIFO.
   276 | D:5      | 276 ||| DROPPING scroll of fog.
   277 | D:5      | 277 ||| DROPPING scroll of magic mapping.
   278 | D:5      | 278 ||| DROPPING scroll of fear.
   285 | Temple   | Entered the Ecumenical Temple
   524 | Temple   | 524 ||| PLANNING D:1-11
   698 | Temple   | Became a worshipper of Warmaster Okawaru
   733 | D:5      | Reached XP level 4. HP: 9/28 MP: 4/4
   955 | D:3      | 955 ||| PLANNING SEWER
   966 | D:3      | Reached XP level 5. HP: 14/32 MP: 5/5
  1163 | D:3      | 1163 ||| DROPPING +0 club.
  1206 | D:3      | You fall into a shaft and drop 3 floors!
  1207 | D:6      | Noticed a phantom
  1208 | D:6      | 1208 ||| Stepping ~*~*~tactically~*~*~ (stealth).
  1210 | D:6      | 1210 ||| Stepping ~*~*~tactically~*~*~ (stealth).
  1212 | D:6      | 1212 ||| Stepping ~*~*~tactically~*~*~ (stealth).
  1214 | D:6      | 1214 ||| Stepping ~*~*~tactically~*~*~ (stealth).
  1230 | D:6      | Noticed an orc warrior
  1231 | D:6      | 1231 ||| Stepping ~*~*~tactically~*~*~ (stealth).
  1244 | D:6      | Slain by an orc warrior

Levels and vault maps discovered:
D:3:      layout_loops_ring, lemuel_coloured_pillars_altar,
          shapermc_ecumenical_altar_rom_forum, gup_sewer_entry_spiral,
          st_stairs_3, dk_noncrumbling_2, bh_walls_and_bars, uniq_natasha
D:4:      minmay_thick_lines, layout_loops_cross, abandoned_shop,
          nicolae_elemental_shop, lightli_corner_chamber, uniq_eustachio,
          uniq_edmund
D:5:      layout_cave_pools, old_standard_altar,
          minmay_temple_entry_stoned_glass, minivault_25
D:6:      layout_cave_pools, nemelex_xobeh_ov_fountains_minmay
Temple:   compressed_dpeg_triangle_lava_temple

Skill      XL: |  1  2  3 |
---------------+----------+-----
Axes           | 2 3 4 |  4.9
Fighting       | |  3.2
Dodging        | |  1.5
Stealth        | |  5.4

Action                   |  1- 3 |  4- 6 || total
-------------------------+-------+-------++-------
Melee: Hand axe          |    25 |    50 ||    75
  Use: Scroll            |     1 |       ||     1
 Stab: Distracted        |       |     1 ||     1
Armor: Leather armour    |     8 |    28 ||    36
Dodge: Dodged            |    19 |    35 ||    54

Table legend:
 A = Non-vault XP
 B = Vault XP
 C = Vault XP percentage of total XP
 D = Non-vault monster count
 E = Vault monster count
 F = Vault count percentage of total count
                 A         B        C        D         E       F
            +---------+---------+-------+---------+---------+-------
      Total |     217 |       4 |   1.8 |      14 |       2 |  12.5
            +---------+---------+-------+---------+---------+-------
        D:3 |      69 |       4 |   5.5 |       7 |       2 |  22.2
        D:5 |     142 |       0 |   0.0 |       5 |       0 |   0.0
        D:6 |       6 |       0 |   0.0 |       2 |       0 |   0.0
            +---------+---------+-------+---------+---------+-------
